 Dungeon Crawl Stone Soup version 0.29.1-13-g9f3cf754e1 (webtiles) character file.

Game seed: 12991976086136822606

1430 rakiston the Frost Mage (level 8, -1/84 (85) HPs)
             Began as a Demigod Ice Elementalist on Jan 24, 2023.
             Slain by an orc warrior
             ... wielding a +0 vampiric scimitar
              (15 damage)
             ... on level 9 of the Dungeon.
             The game lasted 00:42:25 (6811 turns).

rakiston the Frost Mage (Demigod Ice Elementalist)  Turns: 6811, Time: 00:42:27

HP:   -1/84 (85)    AC: 24    Str: 13    XL:     8   Next: 21%
MP:   10/13         EV:  2    Int: 24    God:
Gold: 148           SH:  3    Dex: 13    Spells: 6/10 levels left

rFire   . . .      SeeInvis +   d - +2 rapier (flame)
rCold   . . .      Faith    .   l - +0 buckler
rNeg    . . .      Spirit   .   (body armour currently unavailable)
rPois   +          Reflect  .   (helmet currently unavailable)
rElec   .          Harm     .   (cloak currently unavailable)
rCorr   .          Rampage  .   (gloves currently unavailable)
Will    .....      NoTele   +   (boots currently unavailable)
Stlth   ++........              w - amulet of the acrobat
HPRegen 0.24/turn               F - ring of see invisible
MPRegen 0.13/turn               (no ring)

@: tree-form, freezing walls, lightly drained
A: stationary, stasis, torment immunity, boosted hp, high MP 1, forlorn, divine
attributes, strong 1
a: no special abilities


You were on level 9 of the Dungeon.
You were a tree.
You visited 1 branch of the dungeon, and saw 8 of its levels.

You collected 314 gold pieces.
You spent 166 gold pieces at shops.

Inventory:

Hand Weapons
 d - a +2 rapier of flaming (weapon)
 o - a +0 spear
 G - a +4 dagger
Missiles
 f - 3 throwing nets
 H - 2 boomerangs (quivered)
Armour
 a - a +0 robe (melded)
 l - a +0 buckler (worn)
 x - a +0 pair of gloves (melded)
 A - a +0 tower shield
Magical Staves
 h - a staff of earth
Jewellery
 w - an amulet of the acrobat (around neck)
 y - a +6 ring of dexterity
 F - a ring of see invisible (left branch)
Wands
 C - a wand of paralysis (7)
Scrolls
 g - a scroll of poison
 i - 3 scrolls of torment
 j - 2 scrolls of enchant weapon
 k - 3 scrolls of vulnerability
 s - 4 scrolls of noise
 t - 2 scrolls of teleportation
 u - a scroll of immolation
 v - a scroll of enchant armour {unknown}
Potions
 b - 2 potions of magic
 c - a potion of flight
 m - a potion of lignification
 n - a potion of berserk rage
 p - a potion of degeneration
 q - a potion of mutation
 r - 3 potions of cancellation
 z - a potion of resistance
 B - a potion of might {unknown}
 E - a potion of attraction


   Skills:
 - Level 1.7 Dodging
 - Level 1.7 Stealth
 - Level 1.7 Spellcasting
 * Level 10.3 Ice Magic
 - Level 0.4 Evocations


You had 6 spell levels left.
You knew the following spells:

 Your Spells              Type           Power      Damage    Failure   Level
a - Freeze                Ice            100%       1d11      1%          1
b - Frozen Ramparts       Ice            100%       1d16      1%          3

Your spell library contained the following spells:

 Spells                   Type           Power      Damage    Failure   Level
 Ozocubu's Armour         Ice            51%        N/A       1%          3
 Hailstorm                Conj/Ice       26%        3d7       21%         4


Dungeon Overview and Level Annotations

Branches:
Dungeon (7/15)             Temple (0/1) D:6

Shops:
D:3 =?   D:5 !

Annotations:
D:5 1 runed translucent door, SirLogeyBear's ghost, novice HOBe


Innate Abilities, Weirdness & Mutations

You are a tree.
Your roots penetrate the ground, keeping you stationary.
You cannot be teleported.
You are immune to unholy pain and torment.
Your maximum health is greatly increased.
Your equipment is partially melded.
You have an increased reservoir of magic. (+10% MP)
You shall have no god before yourself.
Your divine heritage dramatically boosts your attributes as you level up.
Your muscles are strong. (Str +4, Int/Dex -1)


Message History

You kill the orc!
The wall freezes the orc warrior but does no damage.
The wall freezes the orc!
You kill the orc!
You closely miss the orc warrior.
The orc warrior is almost dead.
The wall freezes the orc.
The wall freezes the orc warrior.
You kill the orc warrior!
The wall freezes the orc warrior.
You hit the orc warrior but do no damage.
The orc warrior is moderately wounded.
The wall freezes the orc.
The wall freezes the orc!
You kill the orc!
The wall freezes the orc warrior but does no damage.
The orc warrior hits you with a +0 vampiric scimitar!!
The orc warrior draws strength from your wounds!
Really quaff the potion of lignification?
You turn into a tree.
Your +0 pair of gloves melds into your body.
Your +0 robe melds into your body.
Your roots penetrate the ground.
The wall freezes the orc!
You kill the orc!
The wall freezes the orc warrior but does no damage.
The orc warrior hits you with a +0 vampiric scimitar!
* * * LOW HITPOINT WARNING * * *
The wall freezes the orc!
You kill the orc!
You hit the orc warrior but do no damage.
The orc warrior is moderately wounded.
The wall freezes the orc warrior.
The orc warrior hits you with a +0 vampiric scimitar.
* * * LOW HITPOINT WARNING * * *
The orc warrior draws strength from your wounds!
You hit the orc warrior but do no damage.
The orc warrior is moderately wounded.
The wall freezes the orc warrior!
The orc warrior hits you but does no damage.
The wall freezes the orc warrior but does no damage.
The orc warrior hits you with a +0 vampiric scimitar!
You die...

# +####.# #...#.
#.8.. )).
#########)##
........)♣o# .
##+#.......# .
#.......# .
#.......# .###
#.......# ...#
#.......# ...+
#.......#
...########.......#
..................#


You could see an orc warrior.

Vanquished Creatures
  Eustachio (D:5)
  2 black bears
  A sky beast (D:6)
  An orc warrior (D:9)
  2 ogres
  A phantom (D:4)
  A scorpion (D:4)
  2 necrophages
  A wight (D:6)
  6 hounds
  A jelly (D:5)
  An orc priest (D:6)
  An iguana (D:6)
  An orc wizard (D:6)
  10 adders
  3 dart slugs
  13 orcs
  3 bats
  8 endoplasms
  5 giant cockroaches
  A hobgoblin (D:1)
  5 jackals
  2 quokkas (D:3)
  4 ball pythons
  2 frilled lizards
  5 goblins
  3 kobolds
  3 rats
89 creatures vanquished.

Vanquished Creatures (others)
  A human (D:3)
1 creature vanquished.

Grand Total: 90 creatures vanquished

Notes
Turn   | Place    | Note
-------+----------+-------------------------------------------
     0 | D:1      | rakiston the Demigod Ice Elementalist began the quest for
                  | the Orb.
     0 | D:1      | Reached XP level 1. HP: 14/14 MP: 5/5
   669 | D:1      | Reached skill level 4 in Ice Magic
   795 | D:1      | Reached XP level 2. HP: 20/20 MP: 4/7
  1279 | D:2      | Reached XP level 3. HP: 20/26 MP: 3/8
  1524 | D:2      | Learned a level 3 spell: Frozen Ramparts
  1991 | D:3      | Gained mutation: Your muscles are strong. (Str +4, Int/Dex
                  | -1) [potion of mutation]
  2061 | D:3      | Found Cesut's Magic Scroll Shoppe.
  2074 | D:3      | Bought a scroll of teleportation for 30 gold pieces
  2074 | D:3      | Bought a scroll of immolation for 40 gold pieces
  2245 | D:3      | Found Jofu's Jewellery Emporium.
  2253 | D:3      | Reached skill level 5 in Ice Magic
  2602 | D:3      | Noticed a human
  2607 | D:3      | Killed a human
  2788 | D:4      | Noticed a phantom
  2812 | D:4      | Reached XP level 4. HP: 9/33 MP: 0/9
  3087 | D:4      | Noticed an ogre
  3152 | D:4      | Noticed a black bear
  3164 | D:4      | Killed a black bear
  3165 | D:4      | Reached skill level 6 in Ice Magic
  3165 | D:4      | Reached XP level 5. HP: 36/38 MP: 1/10
  3651 | D:4      | Killed an ogre
  3652 | D:4      | Reached XP level 6. HP: 28/45 MP: 5/11
  3779 | D:4      | Reached skill level 7 in Ice Magic
  4067 | D:5      | Entered Level 5 of the Dungeon
  4089 | D:5      | Found a runed translucent door.
  4089 | D:5      | Noticed SirLogeyBear's ghost (novice HOBe)
  4403 | D:5      | Reached skill level 8 in Ice Magic
  4413 | D:5      | Reached XP level 7. HP: 42/50 MP: 2/12
  4596 | D:5      | Found Ogaidd's Distillery.
  4619 | D:5      | Bought a potion of lignification for 36 gold pieces
  4619 | D:5      | Bought a potion of heal wounds for 60 gold pieces
  4689 | D:5      | Noticed Eustachio
  4764 | D:5      | Killed Eustachio
  4765 | D:5      | Reached skill level 9 in Ice Magic
  5159 | D:6      | Found a staircase to the Ecumenical Temple.
  5571 | D:6      | Reached XP level 8. HP: 52/57 MP: 7/13
  6519 | D:6      | Reached skill level 10 in Ice Magic
  6776 | D:7      | You fall into a shaft and drop 2 floors!
  6811 | D:9      | Slain by an orc warrior

Illustrated notes

Levels and vault maps discovered:
D:1:      dpeg_arrival_stonehenge_8_columns, layout_basic
D:2:      layout_loops_ring, hellmonk_ecumenical_altar_slurped_away
D:3:      layout_loops_cross, lemuel_crystal_altar,
          nicolae_sif_muna_little_library, tgw_kikubaaqudgha, serial_shops,
          nicolae_shop_temple_entry_statues_fountains, shop_scrolls
D:4:      layout_rooms, good_gods_temple_1, nicolae_ashenzari_skybound,
          serial_bayou_pond_d
D:5:      layout_basic, ebering_ghost_sewer_d, serial_shops,
          nicolae_stop_n_shop_2, kennysheep_decorative_pillar, minmay_circle_x,
          uniq_eustachio
D:6:      layout_loops_corners, nemelex_xobeh_ov_fountains_minmay,
          minmay_temple_entry_butterflies
D:7:      layout_loops_cross, gammafunk_ghost_grave
D:9:      layout_irregular_city, nicolae_overflow_two_pavilions,
          erik_lair_orcish_takeover, hiddenorc2_lemuel, bh_walls_and_bars

Skill      XL: |  1  2  3  4  5  6  7  8 |
---------------+-------------------------+-----
Ice Magic      | 4 5 6 8 9 10 | 10.3
Dodging        | |  1.7
Stealth        | |  1.7
Spellcasting   | |  1.7
Evocations     | |  0.4

Action                   |  1- 3 |  4- 6 |  7- 9 || total
-------------------------+-------+-------+-------++-------
Melee: Rapier            |     5 |    42 |    45 ||    92
Throw: Boomerang         |       |       |     3 ||     3
 Cast: Freeze            |    65 |    28 |    36 ||   129
       Frozen Ramparts   |     3 |     4 |    13 ||    20
Evoke: Wand              |       |       |     2 ||     2
  Use: Scroll            |     5 |     1 |    10 ||    16
       Potion            |     2 |       |     4 ||     6
 Stab: Sleeping          |     1 |       |     2 ||     3
Armor: Robe              |     5 |    16 |     4 ||    25
       Skin              |       |       |     1 ||     1
Dodge: Dodged            |    17 |    38 |    33 ||    88
Block: Buckler           |     1 |    13 |     9 ||    23
